 Dungeon Crawl Stone Soup version 0.23.2-1-ga50397a (webtiles) character file.

Game seed: 16169834380313265022

16 MalarOregon the Ruffian (level 2, -2/25 HPs)
             Began as a Ghoul Warper on May 28, 2019.
             Slain by Terence
             ... wielding a +0 mace
              (8 damage)
             ... on level 2 of the Dungeon.
             The game lasted 00:01:27 (671 turns).

MalarOregon the Ruffian (Ghoul Warper)               Turns: 671, Time: 00:01:28

Health: -2/25      AC:  3    Str: 12    XL:     2   Next: 58%
Magic:  3/3        EV: 11    Int:  8    God:
Gold:   41         SH:  0    Dex:  8    Spells: 4/4 levels left

rFire    . . .     SeeInvis .     - Unarmed
rCold    + . .     Gourm    .   (no shield)
rNeg     + + +     Faith    .   a - +0 leather armour
rPois    ∞         Spirit   .   (no helmet)
rElec    .         Reflect  .   (no cloak)
rCorr    .         Harm     .   (no gloves)
MR       .....                  (no boots)
Stlth    +.........             (no amulet)
HPRegen  0.00/turn              g - -2 ring of strength (curse)
MPRegen  0.08/turn              (no ring)

@: rotting
A: rotting body, claws 1, carnivore, cold resistance 1, negative energy
resistance 3, inhibited regeneration, torment resistance, unbreathing
a: no special abilities


You were on level 2 of the Dungeon.
You were not hungry.

You visited 1 branch of the dungeon, and saw 2 of its levels.

You collected 41 gold pieces.

Inventory:

Missiles
 d - 5 tomahawks of dispersal (quivered) {!f}
Armour
 a - a +0 leather armour (worn)
Jewellery
 g - a cursed -2 ring of strength (left claw)
   (You found it on level 1 of the Dungeon)
 j - an uncursed ring of fire
   (You found it on level 1 of the Dungeon)
 k - an uncursed ring of magical power {unknown}
   (You found it on level 1 of the Dungeon)
Scrolls
 c - a scroll of blinking
 i - 2 scrolls of identify {unknown}
 l - a scroll of teleportation {unknown}
 m - a scroll of enchant weapon {unknown}
 n - a scroll of magic mapping {unknown}
Potions
 f - a potion of agility {unknown}
 h - a potion of curing {unknown}
Comestibles
 b - 3 chunks of flesh
 e - a ration {!d}


   Skills:
 + Level 2.4 Fighting
 - Level 0.8 Throwing
 + Level 1.2 Armour
 + Level 2.0 Dodging
 * Level 2.7 Unarmed Combat
 - Level 1.7 Spellcasting
   Level 2.6 Translocations


You had 4 spell levels left.
You didn't know any spells.
Your spell library contained the following spells:

 Spells                   Type           Power        Failure   Level  Hunger
 Blink                    Tloc           N/A          24%         2    ###....
 Shroud of Golubria       Chrm/Tloc      #.........   38%         2    ###....
 Gell's Gravitas          Tloc           #.........   43%         3    ####...
 Lesser Beckoning         Tloc           #.........   43%         3    ####...
 Teleport Other           Tloc           #.......     43%         3    ####...
 Passage of Golubria      Tloc           N/A          83%         4    #####..


Dungeon Overview and Level Annotations

Branches:
Dungeon (2/15)

Altars:
Okawaru

Annotations:
D:2 Terence


Innate Abilities, Weirdness & Mutations

Your body is rotting away.
You thrive on raw meat.
You are immune to poison.
You have sharp fingernails.
You are carnivorous and can eat meat at any time.
Your flesh is cold resistant. (rC+)
You are immune to negative energy. (rN+++)
You do not regenerate when monsters are visible.
You are immune to unholy pain and torment.
You can survive without breathing.


Message History

Some of the chunks of flesh in your inventory have rotted away.
Key pressed, stopping explore.
You see here a scale mail.
You feel your flesh rotting away.
Eating one of 3 chunks of flesh.
You eat one of the 3 chunks of flesh.
You feel more resilient.
This raw flesh tastes great!
You see here a club.
Done exploring.
Done exploring.
Done exploring.
Done exploring.
There is a stone staircase leading down here.
You climb downwards.
There is a stone staircase leading up here.
A kobold comes into view.
A kobold is nearby!
Found a stone staircase leading up.
The kobold barely misses you.
You miss the kobold. The kobold hits you.
You closely miss the kobold.
All of the chunks of flesh in your inventory have rotted away.
You scratch the kobold. The kobold barely misses you.
You claw the kobold!
You kill the kobold!
No target in view!
You butcher the kobold corpse.
b - 3 chunks of flesh You see here a kobold skeleton. x2
Found a scroll labeled QALORH PUKHLEF.
Found a leather armour.
m - a scroll labeled QALORH PUKHLEF You see here a leather armour.
Found a scroll labeled FOITSOACKU.
n - a scroll labeled FOITSOACKU
Found an iron altar of Okawaru.
Terence the Incautious comes into view.
He is wielding a +0 mace.
You completely miss Terence. Terence hits you with a +0 mace.
You barely miss Terence. Terence barely misses you.
You scratch Terence but do no damage. Terence closely misses you.
You scratch Terence but do no damage. Terence closely misses you.
You scratch Terence. You scratch Terence. Terence closely misses you.
You barely miss Terence. Terence hits you with a +0 mace!
You scratch Terence. Terence closely misses you.
You scratch Terence. Terence hits you with a +0 mace!
* * * LOW HITPOINT WARNING * * *
You closely miss Terence. You scratch Terence but do no damage.
Terence hits you but does no damage.
You scratch Terence. Terence hits you with a +0 mace!
You die...

########## #........# #
#.######.# ##. #.# #.# ..
#.# #.# ##.# #.# #.# ...
#.######[#
##.#.#.#######.#......#
...._...@@.....#.#########
#..#.#.#########.#.......<
... #.........# ####
###.÷....## #..........#
#.########.# #..<...#.#
#.#.##.#.# #.#....#.#


You could see Terence.

Vanquished Creatures
  A dart slug (D:1)
  3 bats (D:1)
  A giant cockroach (D:1)
  2 goblins (D:1)
  A hobgoblin (D:1)
  2 kobolds
  A ball python (D:1)
  A frilled lizard (D:1)
  2 rats (D:1)
14 creatures vanquished.

Notes
Turn   | Place    | Note
-------+----------+-------------------------------------------
     0 | D:1      | MalarOregon the Ghoul Warper began the quest for the Orb.
     0 | D:1      | Reached XP level 1. HP: 17/17 MP: 2/2
    22 | D:1      | Reached skill level 1 in Armour
   139 | D:1      | Reached XP level 2. HP: 25/25 MP: 3/3
   652 | D:2      | Found an iron altar of Okawaru.
   656 | D:2      | Noticed Terence
   671 | D:2      | Slain by Terence

Skill      XL: |  1  2 |
---------------+-------+-----
Armour         | 1 |  1.2
Dodging        | 2 |  2.0
Fighting       | |  2.4
Throwing       | |  0.8
Unarmed Combat | |  2.7
Spellcasting   | |  1.7
Translocations | |  2.6

Action                   || total
-------------------------++-------
Melee: Unarmed           ||    63
  Eat: Chunk             ||     3
Armor: Leather armour    ||    13
Dodge: Dodged            ||    35
